 Dungeon Crawl Stone Soup version 0.20-a0-984-ge8aa303 (webtiles) character file.

39 Hybris the Scratcher (level 3, -1/15 HPs)
             Began as a Felid Transmuter on Apr 10, 2017.
             Slain by a bullfrog skeleton (3 damage)
             ... on level 4 of the Dungeon.
             The game lasted 00:05:46 (2579 turns).

Hybris the Scratcher (Felid Transmuter)             Turns: 2579, Time: 00:05:47

Health: -1/15      AC:  1    Str:  6    XL:     3   Next: 28%
Magic:  6/7        EV: 18    Int: 14    God:
Gold:   156        SH:  0    Dex: 17    Spells: 0/6 levels left
                                        Lives:  0   Deaths: 1

rFire    . . .     SeeInvis +     - Unarmed
rCold    . . .     Gourm    .   (shield unavailable)
rNeg     . . .     Faith    .   (armour unavailable)
rPois    .         Spirit   .   (helmet unavailable)
rElec    .         Reflect  .   (cloak unavailable)
rCorr    .         Harm     .   (gloves unavailable)
MR       .....                  (boots unavailable)
Stlth    ++........             (no amulet)
Regen    0.1/turn               (no ring)
MPRegen  0.1/turn               (no ring)

@: appendage (expiring), quick
A: no armour, no weapons or thrown items, stealth, claws 1, fangs 3, horns 2,
see invisible, carnivore 3, speed 1, shaggy fur 1, slow metabolism 1, sharp paws
a: End Transformation


You were on level 4 of the Dungeon.
You were very full.
You had grown temporary horns.
You visited 1 branch of the dungeon, and saw 4 of its levels.

You collected 156 gold pieces.

Inventory:

Missiles
 a - 26 arrows
Scrolls
 e - a scroll of fear {unknown}
 f - a scroll of enchant armour {unknown}
 g - 5 scrolls of remove curse
 h - 2 scrolls of identify {unknown}
 i - a scroll of amnesia {unknown}
 k - a scroll of teleportation {unknown}
 l - a scroll of blinking {unknown}
 o - 3 scrolls of fog {unknown}
 p - 2 scrolls of enchant weapon {unknown}
Potions
 d - 3 potions of curing {unknown}
 j - 2 potions of might {unknown}
 m - a potion of agility {unknown}
 n - 2 potions of heal wounds {unknown}
 q - a potion of flight {unknown}
Books
 b - a book of Changes

   Spells                             Type                      Level
   a - Beastly Appendage              Transmutation                1
   b - Sticks to Snakes               Transmutation                2
   c - Spider Form                    Transmutation/Poison         3
   d - Ice Form                       Ice/Transmutation            4
   e - Blade Hands                    Transmutation                5
Comestibles
 c - 3 meat rations


   Skills:
 - Level 1.0 Fighting
 - Level 2.6 Dodging
 * Level 4.4 Unarmed Combat
 - Level 2.0 Spellcasting
 + Level 3.5 Transmutations


You couldn't memorise any spells.
You knew the following spells:

 Your Spells              Type           Power        Failure   Level  Hunger
a - Beastly Appendage     Tmut           ##....       6%          1    ##.....
b - Sticks to Snakes      Tmut           ##......     10%         2    ###....
c - Spider Form           Tmut/Pois      #.........   38%         3    ####...


Dungeon Overview and Level Annotations

Branches:
Dungeon (4/15)
 Temple: D:4-7

Altars:

Annotations:
D:3 Doomer's ghost, amateur MfAK; Grinder


Innate Abilities, Weirdness & Mutations

You cannot wear armour.
You are incapable of wielding weapons or throwing items.
Your paws allow you to move quietly. (Stealth)
You have sharp claws.
You have razor-sharp teeth.
You have supernaturally acute eyesight. (SInv)
You are carnivorous and can eat meat at any time.
You cover ground quickly.
You are covered in fur. (AC +1)
You have a slow metabolism.
Your sharp claws are effective at attacking unaware monsters.
You have a pair of horns on your head.


Message History

You scratch the bullfrog skeleton. You bite the bullfrog skeleton.
The bullfrog skeleton is moderately damaged.
The bullfrog skeleton hits you but does no damage.
You barely miss the bullfrog skeleton.
You bite the bullfrog skeleton, but do no damage.
The bullfrog skeleton is moderately damaged.
The bullfrog skeleton hits you.
* * * LOW HITPOINT WARNING * * *
You are too injured to fight recklessly!
You are too injured to fight recklessly!
Casting: Beastly Appendage
Confirm with . or Enter, or press ? or * to list all spells.
You grow a pair of large bovine horns.
The bullfrog skeleton completely misses you.
You scratch the bullfrog skeleton. You headbutt the bullfrog skeleton.
Your bite misses the bullfrog skeleton.
The bullfrog skeleton is severely damaged.
Your transformation is almost over.
The bullfrog skeleton hits you.
You die...

#.### . ....# .##
#.#.#... ###.#.#.#
##.......#
#........+ #
#....# #. #Z...#
#.##@##[# #.#.#.##
#...## ####+#
##.#..... ..#.#
#.#.#### #.#)# #
#.#.# #.#.## #
#.#.######....####
#..<.....#.....##.
###.##...)........


You could see a bullfrog skeleton.

Vanquished Creatures
  3 adders
  2 oozes (D:2)
  An adder skeleton (D:4)
  A worm (D:2)
  A leopard gecko (D:1)
  2 orcs (D:3)
  9 bats
  A giant cockroach (D:1)
  5 goblins
  4 hobgoblins
  A ball python (D:1)
  4 frilled lizards
  3 kobolds
  9 rats
46 creatures vanquished.

Notes
Turn   | Place    | Note
-------+----------+-------------------------------------------
     0 | D:1      | Hybris the Felid Transmuter began the quest for the Orb.
     0 | D:1      | Reached XP level 1. HP: 9/9 MP: 4/4
   275 | D:1      | Reached XP level 2. HP: 5/12 MP: 4/6
   542 | D:1      | Learned a level 2 spell: Sticks to Snakes
  1118 | D:2      | Reached XP level 3. HP: 15/15 MP: 7/7
  1489 | D:2      | Reached skill level 4 in Unarmed Combat
  1590 | D:3      | Learned a level 3 spell: Spider Form
  1807 | D:3      | Noticed Doomer's ghost (amateur MfAK)
  2024 | D:3      | Reached XP level 4. HP: 19/19 MP: 6/8
  2222 | D:3      | Noticed Grinder
  2229 | D:3      | Slain by Doomer's ghost
  2230 | D:3      | Reached XP level 3. HP: 0/15 MP: 4/7
  2579 | D:4      | Slain by a bullfrog skeleton

Vault maps used:
D:1:      roderic_crossed_star
D:3:      first_bread, kennysheep_generic_room_16, uniq_grinder
D:4:      kennysheep_generic_room_8

Skill      XL: |  1  2  3 |
---------------+----------+-----
Transmutations | 3 |  3.5
Unarmed Combat | 4 |  4.4
Fighting       | |  1.0
Dodging        | |  2.6
Spellcasting   | |  2.0

Action                   |  1- 3 |  4- 6 || total
-------------------------+-------+-------++-------
Melee: Unarmed           |   113 |    13 ||   126
       Bite              |     7 |       ||     7
       Headbutt          |     8 |     2 ||    10
       Punch             |     1 |       ||     1
 Cast: Beastly Appendage |    14 |     2 ||    16
       Sticks to Snakes  |     2 |       ||     2
       Spider Form       |     1 |       ||     1
  Use: Scroll            |       |     1 ||     1
 Stab: Sleeping          |     8 |       ||     8
  Eat: Chunk             |    14 |       ||    14
Armor: Skin              |     8 |     2 ||    10
Dodge: Dodged            |    87 |    16 ||   103
